 Dungeon Crawl Stone Soup version 0.20.0-15-g7f486f2 (webtiles) character file.

3900 manyhoops the Carver (level 10, -1/86 HPs)
             Began as a Purple Draconian Gladiator on June 13, 2017.
             Was a Follower of Makhleb.
             Killed by divine providence
             ... invoked by an orc priest
              (15 damage)
             ... on level 7 of the Dungeon.
             The game lasted 00:20:27 (9384 turns).

manyhoops the Carver (Purple Draconian Gladiator)   Turns: 9384, Time: 00:20:27

Health: -1/86      AC: 10    Str: 17    XL:     10   Next: 0%
Magic:  14/14      EV: 15    Int:  9    God:    Makhleb [*.....]
Gold:   439        SH:  5    Dex: 15    Spells: 9/9 levels left

rFire    . . .     SeeInvis .   a - +0 long sword
rCold    . . .     Gourm    .   y - +0 buckler
rNeg     . . .     Faith    .   (armour unavailable)
rPois    .         Spirit   .   b - +0 hat
rElec    .         Reflect  .   n - +0 cloak
rCorr    .         Harm     .   (no gloves)
MR       +....                  (no boots)
Stlth    +.........             (no amulet)
Regen    0.3/turn               c - +2 ring of protection
MPRegen  0.2/turn               (no ring)

@: short of breath
A: breathe power, unfitting armour, antennae 1, blink, high mp 1, cold-blooded,
AC +7
a: Breathe Dispelling Energy, Blink, Renounce Religion


You were on level 7 of the Dungeon.
You worshipped Makhleb.
Makhleb was aware of your devotion.
You were very hungry.

You visited 2 branches of the dungeon, and saw 9 of its levels.

You collected 439 gold pieces.

Inventory:

Hand Weapons
 a - a +0 long sword (weapon)
 l - a +1 vampiric short sword
Missiles
 k - 5 poisoned tomahawks (quivered)
Armour
 b - a +0 hat (worn)
 n - a +0 cloak (worn)
 y - a +0 buckler (worn)
Jewellery
 c - a +2 ring of protection (left hand)
 j - an uncursed ring of ice
Wands
 s - a wand of lightning (0/15)
Scrolls
 g - 2 scrolls of enchant weapon
 i - 4 scrolls of immolation
 m - a scroll of recharging
 r - a scroll of fog
Potions
 u - a potion of mutation
 z - a potion of flight
Comestibles
 d - 6 bread rations
 f - 2 chunks of flesh
 h - 2 royal jellies
 p - 5 meat rations


   Skills:
 - Level 7.0 Fighting
 + Level 10.4 Long Blades
 - Level 1.7 Throwing
 - Level 5.7 Dodging
 - Level 4.0 Shields
 * Level 4.8 Invocations


You had 9 spell levels left.
You didn't know any spells.

Dungeon Overview and Level Annotations

Branches:
Dungeon (8/15)             Temple (1/1) D:6
   Lair: D:8-11

Altars:
Ashenzari
Cheibriados
Dithmenos
Elyvilon
Hepliaklqana
Kikubaaqudgha
Makhleb
Nemelex Xobeh
Okawaru
Trog
Uskayaw
Vehumet
Xom
Yredelemnul
Zin

Annotations:
D:8 Erica; NoAnimeNoLife's ghost, novice GrFi


Innate Abilities, Weirdness & Mutations

You can breathe bolts of dispelling energy.
Your rich purple scales are hard. (AC +7)
You cannot fit into any form of body armour.
You are cold-blooded and may be slowed by cold attacks.
You have a pair of small antennae on your head.
You can translocate small distances at will.
You have an increased reservoir of magic. (+10% MP)


Message History

The wyvern bites you!
* * * LOW HITPOINT WARNING * * *
You feel much better. The wyvern closely misses you. The wyvern bites you.
It was a potion of magic.
Magic courses through your body. The wyvern bites you!
You slash the wyvern!
The wyvern is heavily wounded.
The wyvern closely misses you. You block the wyvern's attack.
You hit the wyvern but do no damage.
The wyvern is heavily wounded.
You block the wyvern's attack. You block the orc's attack.
You hit the wyvern.
The wyvern is heavily wounded.
The wyvern bites you!
* * * LOW HITPOINT WARNING * * *
Unknown command.
You blink.
You feel slightly more hungry.
The orc priest calls down the wrath of Beogh upon you.
Beogh smites you!
You die...

####### ### #..#..#
..# #..#..# ..#
#..'..# ..# #..#..#
..# #..#..#### ..#
##'#####..#
..##########...#####.#
..'.........o.l.@.>#.#
..###.......o..##..#.#
### #..#####.#.##....#
#..## #.#.......#
#...####'#.....###
####...#......##.##
#......#......####
#.##...#......#
##......########


You could see a wyvern, an orc priest and an orc.

Vanquished Creatures
  A hippogriff (D:7)
  A yak (D:7)
  Sigmund (D:3)
  3 hogs (D:7)
  A human (D:7)
  The ghost of NoAnimeNoLife the Skirmisher, an amateur HuFi (D:3)
  Grum (D:7)
  A hungry ghost (D:7)
  Edmund (D:5)
  A black bear (D:7)
  An ice beast (D:6)
  An orc warrior (D:7)
  4 ogres
  4 wolves (D:8)
  2 centaurs
  A phantom (D:8)
  3 bullfrogs
  3 scorpions
  2 howler monkeys
  4 crimson imps
  A hound (D:4)
  2 orc priests
  2 bullfrog skeletons
  2 centaur skeletons
  2 orc wizards
  Crazy Yiuf (D:7)
  2 iguanas
  A worker ant (D:4)
  A worker ant zombie (D:5)
  Robin (D:2)
  4 adders
  A howler monkey skeleton (D:5)
  3 shadow imps
  An ooze (D:3)
  6 worms
  A dart slug (D:1)
  6 leopard geckos
  17 orcs
  6 bats
  6 giant cockroaches
  12 goblins
  9 hobgoblins
  11 jackals
  9 kobolds
  7 quokkas
  2 ball pythons
  4 frilled lizards
  2 leopard gecko skeletons
  8 rats
167 creatures vanquished.

Vanquished Creatures (others)
  A human (D:7)
  A bullfrog (D:6)
  A worker ant (D:6)
  An orc (D:6)
4 creatures vanquished.

Grand Total: 171 creatures vanquished

Notes
Turn   | Place    | Note
-------+----------+-------------------------------------------
     0 | D:1      | manyhoops the Draconian Gladiator began the quest for the Orb.
     0 | D:1      | Reached XP level 1. HP: 17/17 MP: 1/1
     6 | D:1      | Noticed a worker ant
     6 | D:1      | Noticed a basilisk
     7 | D:1      | Noticed a centaur
   283 | D:1      | Reached XP level 2. HP: 21/24 MP: 2/2
   734 | D:1      | Reached skill level 4 in Long Blades
   943 | D:2      | Reached XP level 3. HP: 19/29 MP: 3/3
  1088 | D:2      | Noticed Robin
  1092 | D:2      | Killed Robin
  1102 | D:2      | Reached XP level 4. HP: 36/36 MP: 4/4
  1214 | D:2      | Reached skill level 5 in Long Blades
  1248 | D:2      | Found a snail-covered altar of Cheibriados.
  1778 | D:3      | Reached XP level 5. HP: 18/41 MP: 5/5
  2209 | D:3      | Found an ancient bone altar of Kikubaaqudgha.
  2210 | D:3      | Noticed Sigmund
  2218 | D:3      | Noticed NoAnimeNoLife's ghost (amateur HuFi)
  2351 | D:4      | Reached skill level 6 in Long Blades
  2929 | D:4      | Noticed an ogre
  3203 | D:4      | Reached XP level 6. HP: 41/48 MP: 6/6
  3240 | D:4      | Reached skill level 7 in Long Blades
  3434 | D:4      | Gained mutation: You are agile. (Dex +2) [potion of mutation]
  3434 | D:4      | Gained mutation: Your body sometimes deteriorates upon taking damage. [potion of mutation]
  3434 | D:4      | Gained mutation: You expend magic power (3 MP) to strengthen your wands. [potion of mutation]
  3434 | D:4      | Gained mutation: You have a pair of small antennae on your head. [potion of mutation]
  3435 | D:4      | Lost mutation: You expend magic power (3 MP) to strengthen your wands. [potion of mutation]
  3435 | D:4      | Lost mutation: You are agile. (Dex +2) [potion of mutation]
  3435 | D:4      | Lost mutation: Your body sometimes deteriorates upon taking damage. [potion of mutation]
  3435 | D:4      | Lost mutation: You have a pair of small antennae on your head. [potion of mutation]
  3435 | D:4      | Gained mutation: You have an increased reservoir of magic. (+10% MP) [potion of mutation]
  3435 | D:4      | Gained mutation: You have a pair of small antennae on your head. [potion of mutation]
  3435 | D:4      | Gained mutation: You can translocate small distances at will. [potion of mutation]
  3510 | D:5      | Entered Level 5 of the Dungeon
  3694 | D:5      | Noticed Edmund
  3783 | D:5      | Your scales start taking on a rich purple colour.
  3783 | D:5      | Reached XP level 7. HP: 25/56 MP: 7/7
  4029 | D:5      | Killed Edmund
  4593 | D:3      | Killed Sigmund
  4697 | D:3      | Found a hazy altar of Hepliaklqana.
  4753 | D:3      | Killed NoAnimeNoLife's ghost
  4753 | D:3      | Reached skill level 5 in Fighting
  4753 | D:3      | Reached XP level 8. HP: 54/68 MP: 8/8
  5315 | D:6      | Reached skill level 5 in Dodging
  5660 | D:6      | Found a shimmering altar of Xom.
  5661 | D:6      | Found a shimmering altar of Xom.
  6302 | D:6      | Found a staircase to the Ecumenical Temple.
  6855 | Temple   | Entered the Ecumenical Temple
  6897 | Temple   | Became a worshipper of Makhleb the Destroyer
  7060 | D:7      | Reached skill level 1 in Shields
  7327 | D:7      | Reached XP level 9. HP: 66/79 MP: 9/9
  7610 | D:7      | Reached skill level 8 in Long Blades
  7610 | D:7      | Reached skill level 1 in Invocations
  8015 | D:7      | Reached skill level 9 in Long Blades
  8165 | D:7      | Found an ancient bone altar of Kikubaaqudgha.
  8222 | D:7      | Found a runed door.
  8352 | D:7      | Reached * piety under Makhleb
  8446 | D:7      | Noticed Crazy Yiuf
  8450 | D:7      | Killed Crazy Yiuf
  8605 | D:8      | Noticed Grum
  8644 | D:8      | Found a white marble altar of Elyvilon.
  8857 | D:8      | Noticed Erica
  8965 | D:7      | Killed Grum
  8965 | D:7      | Reached skill level 10 in Long Blades
  9308 | D:8      | Noticed NoAnimeNoLife's ghost (novice GrFi)
  9326 | D:8      | Found a hide-covered altar of Uskayaw.
  9333 | D:8      | Reached XP level 10. HP: 74/86 MP: 14/14
  9359 | D:8      | Noticed a two-headed ogre
  9384 | D:7      | Killed from afar by an orc priest

Skill      XL: |  1  2  3  4  5  6  7  8  9 |
---------------+----------------------------+-----
Long Blades    | 4 5 6 7 10 | 10.4
Fighting       | 5 7 |  7.0
Dodging        | 4 5 |  5.7
Shields        | 3 4 |  4.0
Invocations    | 4 |  4.8
Throwing       | |  1.7

Action                   |  1- 3 |  4- 6 |  7- 9 | 10-12 || total
-------------------------+-------+-------+-------+-------++-------
Melee: Long sword        |    81 |   202 |   467 |     6 ||   756
       Tailslap          |    12 |    28 |    66 |     1 ||   107
Throw: Tomahawk          |       |       |    20 |       ||    20
       Throwing net      |       |       |     3 |       ||     3
 Abil: Breathe Dispellin |       |       |    12 |     1 ||    13
       Blink             |       |       |     3 |     5 ||     8
Evoke: Wand              |       |     3 |     4 |       ||     7
  Use: Scroll            |     3 |     2 |     6 |       ||    11
       Potion            |     3 |     6 |    13 |     2 ||    24
 Stab: Sleeping          |     1 |     3 |     2 |       ||     6
       Held in net/web   |       |       |     3 |       ||     3
  Eat: Chunk             |       |    10 |     8 |       ||    18
       Fruit             |       |       |     2 |       ||     2
       Royal jelly       |       |       |     5 |       ||     5
       Meat ration       |       |       |     1 |       ||     1
Armor: Skin              |    22 |    49 |   134 |       ||   205
Dodge: Dodged            |    63 |   142 |   297 |    12 ||   514
Block: Buckler           |       |       |    41 |     5 ||    46
       Rpst.: Long sword |    18 |    48 |    84 |     2 ||   152
